[Event "Titled Tuesday Blitz March 07 Early 2023"]
[White "Garv Gaur"]
[Black "Harsha Bharathakoti"]
[WhiteFideId "45030839"]
[BlackFideId "5078776"]
[WhiteElo "2068"]
[BlackElo "2481"]
[Result "0-1"]
[Round "03"]
[TimeControl "180+2"]
[Date "2023.03.07"]
[WhiteClock "0:00:06"]
[BlackClock "0:00:15"]

1. Nf3 f5 2. g3 Nf6 3. d4 g6 4. c3 Bg7 5. Qb3 e6 6. Bg2 O-O 7. O-O Nc6 8. Rd1 d6 9. Nbd2 Kh8 10. Nf1 Qe8 11. c4 e5 12. d5 Ne7 13. Qc2 h6 14. b4 g5 15. Bb2 Ng6 16. N3d2 f4 17. Ne4 g4 18. Nxf6 Rxf6 19. f3 Bf5 20. Qd2 Qd7 21. e4 gxf3 22. Bxf3 Bh3 23. Bg2 Raf8 24. Bxh3 Qxh3 25. Qe2 fxg3 26. hxg3 Nh4 27. Rd3 Rf2 28. Qxf2 Rxf2 29. Kxf2 Qg2+ 30. Ke3 Qxb2 31. Rad1 Ng6 32. Nd2 Qxb4 33. Rb3 Qc5+ 34. Kf3 b6 35. Re3 Nf8 36. Ke2 Nh7 37. Kd3 Qa3+ 38. Ke2 Qxa2 39. Rf1 Ng5 40. Rc3 a5 41. g4 Nxe4 42. Rd3 Nxd2 43. Rxd2 Qxc4+ 0-1


[Site "https://www.chess.com"]

[Event "Titled Tuesday Blitz March 07 Early 2023"]
[White "Derjabin, Ilja"]
[Black "Yuan, Qingyu"]
[WhiteFideId "14104768"]
[BlackFideId "8609772"]
[WhiteElo "2309"]
[BlackElo "2359"]
[Result "0-1"]
[Round "03"]
[TimeControl "180+2"]
[Date "2023.03.07"]
[WhiteClock "0:00:26"]
[BlackClock "0:01:11"]

1. d4 d5 2. c4 e6 3. Nc3 Be7 4. cxd5 exd5 5. Nf3 c6 6. Bf4 Bf5 7. e3 Nf6 8. Bd3 Bxd3 9. Qxd3 Nbd7 10. O-O O-O 11. a3 Re8 12. h3 a5 13. Rab1 Bf8 14. Rfc1 Ne4 15. Ne5 Nd6 16. Nxd7 Qxd7 17. Na4 Nc4 18. Nc5 Qc8 19. Rc2 b6 20. Na4 b5 21. Nc5 a4 22. Rc3 Ra7 23. Qe2 Bxc5 24. dxc5 Qf5 25. Rd1 Qxf4 0-1


[Site "https://www.chess.com"]

[Event "Titled Tuesday Blitz March 07 Early 2023"]
[White "Manukyan, Sargis V."]
[Black "Hayrapetyan, Hovik"]
[WhiteFideId "13303465"]
[BlackFideId "13302639"]
[WhiteElo "2236"]
[BlackElo "2348"]
[Result "1-0"]
[Round "03"]
[TimeControl "180+2"]
[Date "2023.03.07"]
[WhiteClock "0:00:18"]
[BlackClock "0:00:07"]

1. Nf3 Nf6 2. g3 d5 3. d4 e6 4. Bg2 Be7 5. O-O O-O 6. c4 dxc4 7. Ne5 Nc6 8. Bxc6 bxc6 9. Nxc6 Qe8 10. Nxe7+ Qxe7 11. Qa4 e5 12. dxe5 Qxe5 13. Qxc4 Be6 14. Qc2 Bf5 15. Qc4 Be6 16. Qc2 Bh3 17. Re1 Rfe8 18. Nc3 Ng4 19. Qa4 Rab8 20. Qf4 Qc5 21. Na4 Qc6 22. f3 Ne5 23. Be3 Ng6 24. Qd4 Rbd8 25. Qxa7 Ra8 26. Qc5 Qxa4 27. Bf2 Be6 28. b3 Qa6 29. Qxc7 h5 30. Qc2 h4 31. a4 Qb7 32. Reb1 Ne5 33. b4 h3 34. Bc5 Nxf3+ 35. exf3 Qxf3 36. Qf2 Qe4 37. Re1 Qb7 38. a5 Bc4 39. Rac1 Bb5 40. Rc2 Qd5 41. Rd2 Qg2+ 42. Qxg2 Rxe1+ 43. Kf2 hxg2 44. Kxe1 Re8+ 45. Kf2 Bc6 46. a6 Re6 47. a7 Rf6+ 48. Ke2 Bb5+ 49. Kd1 Ra6 50. Rd8+ Kh7 51. a8=Q Rxa8 52. Rxa8 Bf1 53. Bg1 Kg6 54. Ra7 f6 55. Ke1 Kh6 56. Kf2 g5 57. b5 Bxb5 58. Kxg2 Bd3 59. Kf2 Kg6 60. Ra5 Bb1 61. Ke3 Bc2 62. Rc5 Bb1 63. Bf2 Ba2 64. Be1 Bb1 65. Bc3 Kh5 66. Bxf6 Kg4 67. Rxg5+ Kh3 68. Rb5 Kxh2 69. Rxb1 Kxg3 70. Rg1+ Kh2 71. Rg8 Kh1 72. Kf2 1-0


[Site "https://www.chess.com"]

[Event "Titled Tuesday Blitz March 07 Early 2023"]
[White "Pakleza, Zbigniew"]
[Black "Sharapov, Evgeny"]
[WhiteFideId "1119290"]
[BlackFideId "14103133"]
[WhiteElo "2410"]
[BlackElo "2367"]
[Result "1-0"]
[Round "03"]
[TimeControl "180+2"]
[Date "2023.03.07"]
[WhiteClock "0:00:06"]
[BlackClock "0:00:02"]

1. d4 d5 2. Bf4 Nf6 3. e3 c6 4. Nf3 Bg4 5. c4 Bxf3 6. Qxf3 e6 7. Nc3 Nbd7 8. Bd3 Bb4 9. O-O O-O 10. Rac1 Re8 11. Bg3 h6 12. Rfd1 Qe7 13. h3 Bxc3 14. bxc3 e5 15. Bb1 e4 16. Qe2 Nb6 17. cxd5 cxd5 18. Qb5 Qd7 19. Qb3 Nc4 20. a4 a6 21. Ba2 b5 22. Rb1 Rec8 23. Ra1 bxa4 24. Qc2 Ne8 25. Bb1 a3 26. Ba2 Ned6 27. Rdb1 Nb5 28. Rb4 a5 29. Rb3 Nbd6 30. Rab1 Qc6 31. Kh2 h5 32. Qe2 g6 33. Kg1 Kh7 34. Bf4 Ra7 35. g4 Qd7 36. Kg2 h4 37. Qd1 f5 38. g5 Kg8 39. Qe2 Kf7 40. Qc2 Rcc7 41. Rb8 Rab7 42. Rh8 Kg7 43. Ra8 Rxb1 44. Qxb1 Rb7 45. Qc1 Ra7 46. Rb8 Rb7 47. Ra8 Ra7 48. Rxa7 Qxa7 49. Qb1 Qb6 50. Qxb6 Nxb6 51. Bxd6 Na4 52. Bxa3 Nxc3 53. Bb3 a4 54. Bc2 Nb5 55. Bb4 a3 56. Bb3 Nc7 57. Bxa3 Kf7 58. Bd6 Nb5 59. Bc5 Ke6 60. Ba4 Nc7 61. Bb6 1-0


[Site "https://www.chess.com"]

[Event "Titled Tuesday Blitz March 07 Early 2023"]
[White "Petukhov, Dmitry"]
[Black "Acor, Corey"]
[WhiteFideId "4142748"]
[BlackFideId "2024861"]
[WhiteElo "2311"]
[BlackElo "2341"]
[Result "1-0"]
[Round "03"]
[TimeControl "180+2"]
[Date "2023.03.07"]
[WhiteClock "0:00:18"]
[BlackClock "0:00:03"]

1. e4 e5 2. Nf3 Nc6 3. Bb5 Nge7 4. O-O d6 5. c4 Bd7 6. Nc3 Ng6 7. d4 Be7 8. d5 Nb8 9. Qb3 c6 10. Ba4 Qc8 11. Be3 O-O 12. Rac1 c5 13. Bxd7 Nxd7 14. Ne2 f5 15. exf5 Rxf5 16. Ng3 Rxf3 17. gxf3 Nh4 18. Qd1 Nf8 19. Kh1 Qh3 20. Rg1 Nfg6 21. Nf1 Nf5 22. Ng3 Rf8 23. Qf1 Qh4 24. Ne4 Nd4 25. Rg4 Qh5 26. Bxd4 exd4 27. Qg2 Rf7 28. Rg1 Qe5 29. Ng5 Nf4 30. Nxf7 Nxg2 31. Nxe5 Nh4 32. Rxg7+ Kf8 33. Rf7+ Ke8 34. Rg8+ 1-0


[Site "https://www.chess.com"]

[Event "Titled Tuesday Blitz March 07 Early 2023"]
[White "Nogerbek, Kazybek"]
[Black "Sztokbant, Bernardo Vainzoff"]
[WhiteFideId "13710427"]
[BlackFideId "2115956"]
[WhiteElo "2501"]
[BlackElo "2222"]
[Result "1-0"]
[Round "03"]
[TimeControl "180+2"]
[Date "2023.03.07"]
[WhiteClock "0:01:31"]
[BlackClock "0:00:08"]

1. c3 d5 2. Nf3 Nf6 3. d4 Bf5 4. g3 e6 5. Bg2 Be7 6. O-O O-O 7. Bg5 Nbd7 8. Nbd2 c5 9. dxc5 Nxc5 10. Nb3 Rc8 11. Nxc5 Bxc5 12. Ne5 Be7 13. Nd3 h6 14. Be3 b6 15. Qa4 Qd7 16. Qxd7 Nxd7 17. Rfd1 Rfd8 18. a4 a5 19. Bd4 Bf6 20. Bxf6 Nxf6 21. e3 Nd7 22. Bf1 Nc5 23. Nxc5 bxc5 24. Bb5 Kf8 25. f3 Ke7 26. Kf2 e5 27. Rd2 d4 28. Rad1 Be6 29. f4 Bb3 30. Rc1 dxc3 31. Rxd8 Rxd8 32. Rxc3 Rd2+ 33. Kf3 Rxb2 34. Rxc5 exf4 35. gxf4 Rxh2 36. e4 h5 37. Kg3 Ra2 38. Re5+ Kd6 39. Rxh5 Bxa4 40. Bc4 Ra3+ 41. Kh4 Bc2 42. Rd5+ Ke7 43. Re5+ Kd6 44. Bxf7 a4 45. Re6+ Kc5 46. Re8 Re3 47. Rc8+ Kb4 48. Rxc2 Rxe4 49. Kg5 a3 50. f5 Re7 51. Kg6 Rxf7 52. Kxf7 Kb3 53. Rh2 g5 54. fxg6 1-0


[Site "https://www.chess.com"]

[Event "Titled Tuesday Blitz March 07 Early 2023"]
[White "Corrales Jimenez, Fidel"]
[Black "Sreyas Payyappat"]
[WhiteFideId "3506690"]
[BlackFideId "46674969"]
[WhiteElo "2541"]
[BlackElo "2083"]
[Result "1-0"]
[Round "03"]
[TimeControl "180+2"]
[Date "2023.03.07"]
[WhiteClock "0:00:54"]
[BlackClock "0:00:13"]

1. d4 Nf6 2. Nf3 c5 3. g3 e6 4. Bg2 Nc6 5. O-O cxd4 6. Nxd4 Bc5 7. Nb3 Bb6 8. c4 O-O 9. Nc3 a6 10. Bf4 Bc7 11. Bd6 Bxd6 12. Qxd6 Qe7 13. Rfd1 Qxd6 14. Rxd6 Ne8 15. Rd2 Rb8 16. Rad1 b5 17. c5 Nf6 18. Ne4 Nd5 19. Nd6 Nde7 20. Nd4 Bb7 21. Nxb7 Rxb7 22. Nxc6 dxc6 23. Rd7 Rxd7 24. Rxd7 Nd5 25. e4 Nb4 26. a3 Nc2 27. e5 b4 28. Bxc6 bxa3 29. bxa3 Nxa3 30. Bb7 Nc4 31. f4 a5 32. c6 Nb6 33. Rd4 Nd5 34. Kf2 f6 35. exf6 gxf6 36. Rxd5 exd5 37. c7 a4 38. c8=Q Rxc8 39. Bxc8 a3 40. Be6+ Kg7 41. Bxd5 Kg6 42. Kf3 Kf5 43. g4+ Kg6 44. h4 h5 45. g5 fxg5 46. fxg5 Kf5 47. Ba2 Ke5 48. Bb1 Ke6 49. Kf4 Kf7 50. Kf5 Kg7 51. Ba2 Kh7 52. Kf6 Kh8 53. Bb3 Kh7 54. g6+ Kh6 55. g7 a2 56. Bxa2 Kh7 57. g8=Q+ Kh6 58. Qh8# 1-0


[Site "https://www.chess.com"]

[Event "Titled Tuesday Blitz March 07 Early 2023"]
[White "Andreev, Konstantin"]
[Black "Krzyzanowski, Marcin"]
[WhiteFideId "24239305"]
[BlackFideId "1132199"]
[WhiteElo "2106"]
[BlackElo "2471"]
[Result "0-1"]
[Round "03"]
[TimeControl "180+2"]
[Date "2023.03.07"]
[WhiteClock "0:00:50"]
[BlackClock "0:00:37"]

1. e4 c5 2. Nf3 Nc6 3. Nc3 e5 4. Bc4 h6 5. d3 g6 6. a3 Bg7 7. Nd5 d6 8. O-O Nf6 9. Be3 O-O 10. c3 Kh7 11. b4 b6 12. Qb3 Rb8 13. Qa4 Nxd5 14. Bxd5 Ne7 15. Qxa7 Bg4 16. bxc5 Bxf3 17. cxd6 Nxd5 18. exd5 Bxd5 19. Rab1 Qxd6 20. Bxb6 Qc6 21. f3 Ra8 22. Qc7 Rxa3 23. Qxc6 Bxc6 24. Bc5 Rxc3 25. Bxf8 Bxf8 26. Rfe1 Bc5+ 27. Kh1 Bd4 28. Red1 Ba4 29. Rd2 h5 30. h3 h4 31. Rb7 Rc1+ 32. Kh2 Bg1+ 33. Kh1 Bf2+ 0-1


[Site "https://www.chess.com"]

[Event "Titled Tuesday Blitz March 07 Early 2023"]
[White "Miszler, Levente"]
[Black "Mikhailovsky, Vladimir"]
[WhiteFideId "763276"]
[BlackFideId "34105414"]
[WhiteElo "2176"]
[BlackElo "2293"]
[Result "0-1"]
[Round "03"]
[TimeControl "180+2"]
[Date "2023.03.07"]
[WhiteClock "0:00:07"]
[BlackClock "0:00:30"]

1. Nf3 d6 2. c4 e5 3. Nc3 f5 4. d4 e4 5. Nd2 Nf6 6. e3 c6 7. f3 d5 8. cxd5 cxd5 9. fxe4 fxe4 10. Bb5+ Nc6 11. O-O Bd6 12. g3 a6 13. Nxd5 axb5 14. Nxf6+ gxf6 15. Qh5+ Kd7 16. Nxe4 Kc7 17. Rxf6 Be7 18. Rf7 Be6 19. Rxh7 Rxh7 20. Qxh7 Qd5 21. Nc3 Qf3 22. Bd2 Rf8 23. Qd3 b4 24. Nb5+ Kb6 25. a4 Bh3 26. a5+ Nxa5 27. Qg6+ Rf6 0-1


[Site "https://www.chess.com"]

[Event "Titled Tuesday Blitz March 07 Early 2023"]
[White "Boyer, Mahel"]
[Black "Tsotsonava, Elene"]
[WhiteFideId "45102422"]
[BlackFideId "13615939"]
[WhiteElo "2439"]
[BlackElo "1829"]
[Result "1-0"]
[Round "03"]
[TimeControl "180+2"]
[Date "2023.03.07"]
[WhiteClock "0:00:17"]
[BlackClock "0:00:03"]

1. e4 c5 2. d3 Nc6 3. g3 Nf6 4. Bg2 d5 5. Qe2 e6 6. Nf3 Be7 7. O-O O-O 8. e5 Nd7 9. c4 d4 10. h4 Rb8 11. Bf4 b5 12. b3 Qc7 13. Nbd2 bxc4 14. Nxc4 Ba6 15. Rac1 Bxc4 16. dxc4 Rfd8 17. Rfe1 a5 18. Ng5 Bxg5 19. hxg5 g6 20. Qf3 Ne7 21. a4 Nf8 22. Bf1 Qc6 23. Qd3 Qb6 24. Rb1 Nc6 25. Qf3 Nb4 26. Bd3 Qc7 27. Kg2 Rb6 28. Be4 Rdb8 29. Rh1 Nc6 30. g4 Ne7 31. Rh3 Nc6 32. Qg3 Nb4 33. Rbh1 d3 34. Qh2 Nc6 35. Rxh7 Nxh7 36. Qxh7+ Kf8 37. Qh8+ Ke7 38. Qf6+ Kd7 39. Rh7 Ne7 40. Qxf7 Qd8 41. Bxd3 Rxb3 42. Bxg6 Qf8 43. Be3 Qxf7 44. Bxf7 Kc6 45. Bxe6 Ng6 46. Bd5+ Kb6 47. Rh6 Rg8 48. Bxg8 1-0


[Site "https://www.chess.com"]

[Event "Titled Tuesday Blitz March 07 Early 2023"]
[White "Lorparizangeneh, Shahin"]
[Black "Samarth, J Rao"]
[WhiteFideId "12521604"]
[BlackFideId "46652370"]
[WhiteElo "2526"]
[BlackElo "1564"]
[Result "1-0"]
[Round "03"]
[TimeControl "180+2"]
[Date "2023.03.07"]
[WhiteClock "0:01:07"]
[BlackClock "0:00:41"]

1. e4 c5 2. Nf3 d6 3. b3 Nf6 4. Nc3 g6 5. Bb2 Bg7 6. d4 cxd4 7. Qxd4 Nc6 8. Qd2 Ng4 9. h3 Nge5 10. Nxe5 dxe5 11. Qxd8+ Kxd8 12. O-O-O+ Kc7 13. Nd5+ Kb8 14. Ba3 Bf8 15. Bb5 e6 16. Bxf8 Rxf8 17. Bxc6 bxc6 18. Nf6 Kc7 19. Nxh7 Rh8 20. Nf6 a5 21. h4 a4 22. Kb2 axb3 23. cxb3 c5 24. g3 Rd8 25. Rxd8 Kxd8 26. Ng4 Bb7 27. Nxe5 Bxe4 28. Re1 Bd5 29. Nxf7+ Ke7 30. Ne5 Rg8 31. f4 1-0


[Site "https://www.chess.com"]

[Event "Titled Tuesday Blitz March 07 Early 2023"]
[White "Delorme, Alban"]
[Black "Atakhan, Abtin"]
[WhiteFideId "623636"]
[BlackFideId "22502203"]
[WhiteElo "2196"]
[BlackElo "2008"]
[Result "0-1"]
[Round "03"]
[TimeControl "180+2"]
[Date "2023.03.07"]
[WhiteClock "0:00:06"]
[BlackClock "0:00:15"]

1. e4 c5 2. Nf3 d6 3. d4 cxd4 4. Nxd4 Nf6 5. Nc3 a6 6. Bg5 e6 7. f4 h6 8. Bh4 Qb6 9. a3 Nc6 10. Bf2 Qc7 11. Qd2 Bd7 12. Be2 Be7 13. Bf3 Rc8 14. O-O-O b5 15. g4 Nxd4 16. Bxd4 e5 17. Be3 Be6 18. f5 Bc4 19. Kb1 a5 20. h4 b4 21. axb4 axb4 22. Na4 b3 23. Nb6 Qa7 24. Qb4 Bd3 25. Nxc8 bxc2+ 26. Kc1 cxd1=Q+ 27. Rxd1 Qxe3+ 28. Rd2 Qxf3 29. Nxd6+ Bxd6 30. Qxd6 Qf1+ 31. Rd1 Qf4+ 32. Rd2 Qxd2+ 33. Kxd2 Nxe4+ 0-1


[Site "https://www.chess.com"]

[Event "Titled Tuesday Blitz March 07 Early 2023"]
[White "Kramnik, Vladimir"]
[Black "Mindlin, Alon"]
[WhiteFideId "4101588"]
[BlackFideId "2800071"]
[WhiteElo "2712"]
[BlackElo "2430"]
[Result "1-0"]
[Round "03"]
[TimeControl "180+2"]
[Date "2023.03.07"]
[WhiteClock "0:00:55"]
[BlackClock "0:00:05"]

1. Nf3 Nf6 2. g3 b5 3. Bg2 Bb7 4. O-O e6 5. b3 c5 6. c4 a6 7. Nc3 b4 8. Na4 Be7 9. d4 cxd4 10. Qxd4 O-O 11. Rd1 d6 12. Qb6 Qxb6 13. Nxb6 Ra7 14. Be3 Ng4 15. Bd2 Bd8 16. Na4 a5 17. h3 Bxf3 18. exf3 Nf6 19. Be3 Rd7 20. f4 Bc7 21. Rac1 h5 22. Bd4 Rfd8 23. Bf3 h4 24. Nb6 Re7 25. Na8 hxg3 26. fxg3 Na6 27. Nxc7 Nxc7 28. Bb6 a4 29. bxa4 Rb8 30. Rxd6 Nce8 31. Rc6 e5 32. Bc5 Re6 33. Rxe6 fxe6 34. fxe5 Nd7 35. Bd4 b3 36. Rb1 Nc7 37. axb3 Na6 38. Bc6 Ndc5 39. Bb5 Rd8 40. Bf2 Rd2 41. Bxa6 Nxa6 42. b4 Rc2 43. b5 Nc7 44. c5 Nd5 45. b6 Nc3 46. b7 1-0


[Site "https://www.chess.com"]

[Event "Titled Tuesday Blitz March 07 Early 2023"]
[White "Maze, Sebastien"]
[Black "Drygalov, Sergey"]
[WhiteFideId "613762"]
[BlackFideId "24171743"]
[WhiteElo "2462"]
[BlackElo "2533"]
[Result "0-1"]
[Round "03"]
[TimeControl "180+2"]
[Date "2023.03.07"]
[WhiteClock "0:00:33"]
[BlackClock "0:02:01"]

1. e4 c5 2. Nf3 d6 3. Bb5+ Nd7 4. Ba4 Nf6 5. O-O e6 6. Re1 Be7 7. c4 O-O 8. Nc3 a6 9. Bxd7 Bxd7 10. d4 cxd4 11. Nxd4 Rc8 12. b3 b5 13. Bb2 bxc4 14. bxc4 Rxc4 15. Qd3 Qc7 16. Rac1 Rc8 17. Nb3 e5 18. f3 Be6 19. Ne2 a5 20. Nd2 Qb6+ 21. Kf1 Rxc1 22. Bxc1 Bxa2 23. Ba3 a4 24. Nc3 Bb3 25. Rb1 Qa5 26. Nb5 Bc2 0-1


[Site "https://www.chess.com"]

[Event "Titled Tuesday Blitz March 07 Early 2023"]
[White "Rustemov, Alexander"]
[Black "Derix, Bernhard"]
[WhiteFideId "4119002"]
[BlackFideId "4642368"]
[WhiteElo "2885"]
[BlackElo "2580"]
[Result "1-0"]
[Round "03"]
[TimeControl "180+2"]
[Date "2023.03.07"]
[WhiteClock "0:00:11"]
[BlackClock "0:00:04"]

1. d4 Nf6 2. c4 g6 3. Nf3 Bg7 4. g3 O-O 5. Bg2 d6 6. Nc3 c6 7. O-O Bf5 8. Ne1 Be6 9. b3 d5 10. Nd3 Bf5 11. e3 e6 12. Ba3 Re8 13. Rc1 h5 14. h3 Nbd7 15. Qe2 g5 16. Rfd1 Bg6 17. Bd6 Ne4 18. Nxe4 dxe4 19. Ne5 Nxe5 20. dxe5 Qa5 21. c5 b5 22. Qc2 Qb4 23. Rd4 Qa3 24. Bxe4 Bxe4 25. Rxe4 a5 26. g4 h4 27. Rd1 b4 28. Rd3 Ra7 29. Kg2 Rb7 30. Qc4 Ra8 31. Rd2 a4 32. Red4 axb3 33. Qxb3 Qxb3 34. axb3 Ra3 35. Rb2 f6 36. f4 fxe5 37. fxe5 Rf7 38. Rxb4 Ra1 39. Rf2 Rxf2+ 40. Kxf2 Rh1 41. Kg2 Re1 42. Rb8+ Kh7 43. b4 Rxe3 44. Re8 Bxe5 45. Rxe6 Rg3+ 46. Kh2 Bxd6 47. cxd6 Rd3 48. Kg2 Kg7 49. Re7+ Kf6 50. Rd7 Ke6 51. Rg7 Rg3+ 52. Kh2 Kf6 53. Rc7 Rc3 54. b5 Rc2+ 55. Kg1 Rd2 56. Rxc6 Ke5 57. Rc5+ Kf4 58. b6 Rxd6 59. Rb5 Rd8 60. b7 Rb8 61. Rb3 Ke4 62. Kf2 Kf4 63. Ke2 Ke4 64. Rb4+ Kd5 65. Ke3 Kc5 66. Rb1 Kd5 67. Kd3 Ke5 68. Rb4 Kd5 69. Rb5+ Ke6 70. Ke4 Kf6 71. Rb6+ Kg7 72. Kf5 1-0


[Site "https://www.chess.com"]

[Event "Titled Tuesday Blitz March 07 Early 2023"]
[White "Crevatin, Leo"]
[Black "Madaminov, Mukhiddin"]
[WhiteFideId "1726307"]
[BlackFideId "14210703"]
[WhiteElo "2190"]
[BlackElo "2511"]
[Result "0-1"]
[Round "03"]
[TimeControl "180+2"]
[Date "2023.03.07"]
[WhiteClock "0:00:10"]
[BlackClock "0:00:19"]

1. d4 Nf6 2. c4 e6 3. Nc3 Bb4 4. e3 O-O 5. a3 Bxc3+ 6. bxc3 d6 7. Bd3 Nc6 8. e4 e5 9. d5 Na5 10. Ne2 Nd7 11. Ng3 Nc5 12. Rb1 Nxd3+ 13. Qxd3 b6 14. O-O Ba6 15. Rb4 c5 16. Rb5 Bxb5 17. cxb5 c4 18. Qf3 Nb3 19. Be3 g6 20. Qg4 Kh8 21. f4 f6 22. h4 Qc8 23. Qf3 Qd7 24. h5 Kg7 25. hxg6 hxg6 26. f5 g5 27. Bxg5 fxg5 28. f6+ Kh8 29. Kf2 g4 30. Rh1+ Kg8 31. Qe3 Rxf6+ 32. Ke1 Raf8 33. Nh5 Rg6 34. Ng3 Nc5 35. Nf5 Rxf5 36. exf5 Qxf5 37. Rh6 Nd3+ 38. Kd2 Rxh6 39. Qxh6 Qf4+ 0-1


[Site "https://www.chess.com"]

[Event "Titled Tuesday Blitz March 07 Early 2023"]
[White "Santos Ruiz, Miguel"]
[Black "Malyi, Viacheslav"]
[WhiteFideId "22291482"]
[BlackFideId "14123983"]
[WhiteElo "2504"]
[BlackElo "2291"]
[Result "1/2-1/2"]
[Round "03"]
[TimeControl "180+2"]
[Date "2023.03.07"]
[WhiteClock "0:00:13"]
[BlackClock "0:00:11"]

1. e4 e5 2. Nf3 Nc6 3. Bc4 Bc5 4. d3 Nf6 5. h3 d6 6. c3 a6 7. a4 Ba7 8. O-O O-O 9. Re1 Re8 10. Nbd2 Nh5 11. Nf1 Qf6 12. d4 Nf4 13. Ng3 g5 14. Nf5 Bxf5 15. exf5 Qxf5 16. Be3 h6 17. dxe5 Nxe5 18. Nxe5 Rxe5 19. Bxa7 Rxa7 20. Rxe5 Qxe5 21. Qd2 Nxg2 22. Kxg2 Qe4+ 23. f3 Qxc4 24. Re1 Ra8 25. Re7 Rf8 26. b3 Qxb3 27. Rxc7 Qxa4 28. Qxd6 Qc2+ 29. Kg3 Qg6 30. Qxg6+ fxg6 31. Rxb7 Rf6 32. Ra7 Rc6 33. c4 h5 34. c5 Rxc5 35. Rxa6 Kg7 36. Ra7+ Kh6 37. Ra8 Rc2 38. h4 gxh4+ 39. Kxh4 Rc4+ 40. Kg3 Rb4 41. Ra5 Rb1 42. Rc5 Rg1+ 43. Kf2 Rh1 44. Kg2 Rd1 45. Kg3 Rd6 46. Kh2 Rf6 47. Kg3 Rf5 48. Rxf5 gxf5 49. f4 Kg6 50. Kh3 Kh6 51. Kh4 Kg6 52. Kg3 Kh6 53. Kh3 Kg6 54. Kh4 Kh6 55. Kg3 Kg6 56. Kh4 Kh6 57. Kg3 1/2-1/2


[Site "https://www.chess.com"]

[Event "Titled Tuesday Blitz March 07 Early 2023"]
[White "Zahid, Sanatan"]
[Black "Krstulovic, Alex"]
[WhiteFideId "10201963"]
[BlackFideId "760056"]
[WhiteElo "1865"]
[BlackElo "2311"]
[Result "0-1"]
[Round "03"]
[TimeControl "180+2"]
[Date "2023.03.07"]
[WhiteClock "0:00:18"]
[BlackClock "0:00:23"]

1. d4 Nf6 2. Nc3 d5 3. Bf4 e6 4. Nb5 Na6 5. e3 c6 6. Nc3 Bb4 7. Bxa6 bxa6 8. Ne2 Nh5 9. a3 Be7 10. Be5 f6 11. Bg3 g6 12. Nf4 Nxf4 13. Bxf4 c5 14. h4 Kf7 15. Qf3 cxd4 16. exd4 Qb6 17. O-O-O Bd7 18. h5 g5 19. Bg3 Rhc8 20. Rhe1 Qa5 21. Re3 Rc6 22. Nb1 Rac8 23. c3 Rb6 24. Rde1 Qb5 25. Qe2 Qb3 26. Qc2 Qxc2+ 27. Kxc2 Ba4+ 28. Kc1 Rcc6 29. f4 f5 30. Nd2 g4 31. Rh1 h6 32. Bh4 Bf8 33. Rhe1 a5 34. g3 Rc8 35. R3e2 Rxc3+ 36. Kb1 Bxa3 37. Nf1 Rcb3 38. Re3 Bxb2 39. Rxb3 Rxb3 40. Ka2 Bxd4 41. Rc1 Bc3 42. Ne3 d4 43. Nc4 Bc6 44. Ne5+ Ke8 45. Nxc6 Rb6 46. Nxd4 Bxd4 47. Rc8+ Kf7 48. Rc7+ Kg8 49. Ka3 Bg7 50. Rc8+ Kh7 51. Rc7 Kg8 52. Ka4 Rd6 53. Kxa5 e5 54. Rc5 exf4 55. gxf4 Bf6 56. Be1 Kf7 57. Rxf5 Ke6 58. Rc5 Rd5 59. Kb5 Rxc5+ 60. Kxc5 Kf5 61. Bg3 Be7+ 62. Kd5 a5 63. Be1 a4 64. Bd2 a3 65. Bc1 a2 66. Bb2 Bf6 67. Be5 Bxe5 68. fxe5 a1=Q 69. e6 Qe5+ 70. Kc6 Qxe6+ 71. Kc7 Qf6 72. Kb7 Qg5 73. Ka7 g3 74. Kb7 g2 75. Ka7 Qxh5 76. Ka8 Qg5 77. Kb7 h5 78. Kb8 h4 79. Ka8 h3 80. Kb8 Qg7 81. Kc8 h2 82. Kb8 h1=Q 83. Kc8 g1=Q 84. Kd8 Qa8# 0-1


[Site "https://www.chess.com"]

[Event "Titled Tuesday Blitz March 07 Early 2023"]
[White "Kislov, Oleg"]
[Black "Real_OceanStorm"]
[WhiteFideId "13503774"]
[WhiteElo "2186"]
[BlackElo "2774"]
[Result "1-0"]
[Round "03"]
[TimeControl "180+2"]
[Date "2023.03.07"]
[WhiteClock "0:00:09"]
[BlackClock "0:00:02"]

1. e4 d5 2. exd5 Qxd5 3. Nc3 Qa5 4. d4 c6 5. Nf3 Nf6 6. Ne5 Bf5 7. Bf4 e6 8. Bd3 Bb4 9. O-O O-O 10. Bxf5 exf5 11. Ne2 Nd5 12. c3 Nxf4 13. Nxf4 Bd6 14. Re1 Qc7 15. Qd3 g6 16. Qf3 Nd7 17. Nxd7 Qxd7 18. Nd3 Rae8 19. g3 h5 20. h4 Kg7 21. Kg2 a5 22. b3 b6 23. Rxe8 Rxe8 24. Re1 Rxe1 25. Nxe1 Qe8 26. Qe3 Qxe3 27. fxe3 Kf6 28. Kf3 Bb8 29. Nd3 Bc7 30. Nf4 b5 31. e4 fxe4+ 32. Kxe4 b4 33. c4 Bd6 34. d5 c5 35. Ne2 Bc7 36. Nf4 Ke7 37. Ne2 Bd6 38. Kf3 Be5 39. Ke4 Kd6 40. Nf4 Bxf4 41. Kxf4 f6 42. Ke4 Ke7 43. Kf4 Kd7 44. g4 hxg4 45. Kxg4 Kc7 46. h5 gxh5+ 47. Kxh5 Kd6 48. Kg4 Ke5 49. Kf3 Kf5 50. Ke3 Ke5 51. Kf3 Kf5 52. Kg3 Ke5 53. Kg4 f5+ 54. Kf3 f4 55. Kg2 Kf6 56. Kf2 Kg5 57. Kf3 Kf5 58. d6 Ke6 59. Kxf4 Kxd6 60. Kf5 Kd7 61. Ke5 Kc6 62. Ke6 Kc7 63. Kd5 Kb6 64. Kd6 a4 65. Kd5 Ka5 66. Kxc5 axb3 67. axb3 Ka6 68. Kxb4 1-0


[Site "https://www.chess.com"]

[Event "Titled Tuesday Blitz March 07 Early 2023"]
[White "Nazari, Arad"]
[Black "Rodchenkov, Sergey D."]
[WhiteFideId "12577324"]
[BlackFideId "4168712"]
[WhiteElo "2313"]
[BlackElo "2277"]
[Result "1-0"]
[Round "03"]
[TimeControl "180+2"]
[Date "2023.03.07"]
[WhiteClock "0:00:58"]
[BlackClock "0:00:05"]

1. e4 c5 2. Nf3 d6 3. Bb5+ Nd7 4. d4 cxd4 5. Qxd4 a6 6. Bxd7+ Bxd7 7. O-O Nf6 8. c4 e6 9. Nc3 Be7 10. b3 O-O 11. a4 h6 12. Ba3 Bc6 13. Rfd1 Qa5 14. b4 Qh5 15. b5 axb5 16. axb5 e5 17. Qd3 Bd7 18. h3 Rxa3 19. Rxa3 d5 20. Ra7 d4 21. Nd5 Nxd5 22. cxd5 Bd6 23. Rxb7 Bc8 24. Rb6 Bc7 25. Rc6 Bd8 26. b6 Bb7 27. Rb1 f5 28. Nxe5 fxe4 29. Qxe4 Bf6 30. Ng4 Bh4 31. Qg6 Qxd5 32. Qe6+ Qxe6 33. Rxe6 h5 34. g3 Bg5 35. Ne5 h4 36. Rg6 Bf6 37. Nd7 Rf7 38. Nxf6+ Rxf6 39. Rxf6 gxf6 40. gxh4 1-0


[Site "https://www.chess.com"]

[Event "Titled Tuesday Blitz March 07 Early 2023"]
[White "Heinemann, Josefine"]
[Black "Aradhya, Garg"]
[WhiteFideId "12900460"]
[BlackFideId "25006746"]
[WhiteElo "2342"]
[BlackElo "2263"]
[Result "0-1"]
[Round "03"]
[TimeControl "180+2"]
[Date "2023.03.07"]
[WhiteClock "0:00:05"]
[BlackClock "0:00:12"]

1. e4 e5 2. Nf3 Nc6 3. Bb5 a6 4. Ba4 Nge7 5. Nc3 d6 6. O-O Bd7 7. a3 g6 8. d3 Bg7 9. Be3 O-O 10. h3 Nd4 11. Bxd7 Qxd7 12. Bxd4 exd4 13. Ne2 c5 14. Qd2 d5 15. Rae1 dxe4 16. dxe4 Nc6 17. b3 Rfe8 18. Nc1 Re7 19. Nd3 b6 20. a4 a5 21. Nb2 Rae8 22. Nc4 Qc7 23. e5 Nxe5 24. Nfxe5 Bxe5 25. Nxe5 Rxe5 26. Rxe5 Qxe5 27. g3 h5 28. h4 Qe4 29. Kh2 Kg7 30. Kg1 Re6 31. Rd1 Qe2 32. Kg2 Qe4+ 33. Kg1 f6 34. c3 Qf3 35. cxd4 Re2 36. Qf4 Rxf2 37. Qxf3 Rxf3 38. Kg2 Rxb3 39. dxc5 bxc5 40. Rd7+ Kh6 41. Rd6 f5 42. Rc6 Rb4 43. Rxc5 Rxa4 44. Rc7 Ra1 45. Kh3 Ra2 46. Ra7 a4 47. Rb7 a3 48. Ra7 Ra1 49. Kg2 a2 50. Kh2 g5 51. Ra6+ Kg7 52. hxg5 h4 53. gxh4 f4 54. h5 f3 55. Ra7+ Kf8 56. h6 f2 57. h7 Rh1+ 58. Kxh1 f1=Q+ 59. Kh2 a1=Q 60. Ra8+ Kf7 61. h8=N+ Ke6 62. Rxa1 Qxa1 63. g6 Qxh8+ 0-1


[Site "https://www.chess.com"]